AoeStats
← anmolmaly

Arena

510334719Analyzed
1v1 RM · 2d ago on Sep 30, 2026· 36m 31s· 2 players
Game mode
Random Map
Map size
Tiny (2 player)
Population
200
Speed
Normal
Resources
Standard
Victory
Conquest
Starting age
Dark Age
Ending age
Imperial Age
RankedLock teamsTeams togetherTeam positionsShared explorationLock speedFull tech treeHidden civsTurbo modeCheats
Victory
Defeat
🇮🇳 Mongols · India
1674
+14
🇪🇸 Portuguese · Spain
1621
-14
Rist!
10:29 Feudal Age
14:06 Castle Age
12:09 Double-Bit Axe
13:37 Fletching
14:45 Bodkin Arrow
16:32 Crossbowman
24:31 Imperial Age
23:18 Bow Saw
24:50 Ballistics
26:12 Chemistry
26:05 Bracer
28:29 Pikeman
29:54 Arbalester
31:38 Padded Archer Armor
31:28 Elite Skirmisher
32:07 Horse Collar
34:26 Leather Archer Armor
37:16 Ring Archer Armor
anmolmaly
8:50 Feudal Age
12:26 Castle Age
10:35 Double-Bit Axe
11:25 Horse Collar
13:19 Bow Saw
16:35 Loom
19:08 Heavy Plow
20:51 Wheelbarrow
26:57 Imperial Age
24:38 Fletching
25:15 Bodkin Arrow
25:21 Padded Archer Armor
26:17 Ballistics
27:10 Leather Archer Armor
27:35 Bloodlines
27:25 Husbandry
28:04 Conscription
27:46 Bracer
28:21 Hand Cart
27:51 Town Watch
28:59 Parthian Tactics
28:46 Thumb Ring
30:36 Chemistry
30:17 Elite Mangudai
Connection lost

Rejoining the realm…

Still unreachable

The connection could not be restored.

Session expired

The server has moved on; the page needs a fresh start.